 Dungeon Crawl Stone Soup version 0.25-a0-366-g516bc45ae0 (webtiles) character file.

Game seed: 16982881394529526699, levelgen mode: deterministic

43763 MrRokkomies the Jinx (level 13, -4/98 HPs)
             Began as a Vampire Enchanter on Jan 6, 2020.
             Was an Initiate of Gozag.
             Slain by a minotaur
             ... wielding a +2 long sword of holy wrath
              (32 damage)
             ... in a Gauntlet.
             The game lasted 01:05:07 (18123 turns).

MrRokkomies the Jinx (Vampire Enchanter)           Turns: 18123, Time: 01:05:12

Health: -4/98      AC: 14    Str: 10    XL:     13   Next: 92%
Magic:  16/16      EV: 27    Int: 22    God:    Gozag
Gold:   634        SH:  0    Dex: 25    Spells: 2/16 levels left

rFire    + . .     SeeInvis +   b - +9 lajatang (vamp)
rCold    + + .     Gourm    .   (shield currently unavailable)
rNeg     . . .     Faith    .   K - +1 scale mail "Wacoveer" {rC++ MR+ Regen+ Int+3}
rPois    .         Spirit   .   r - +2 hat
rElec    .         Reflect  .   (no cloak)
rCorr    .         Harm     .   (no gloves)
MR       ++...     NoTele   +   y - +2 pair of boots
Stlth    +++++.....             n - amulet of regeneration
HPRegen  1.26/turn              X - +6 ring of evasion
MPRegen  0.15/turn              A - ring of Derut {rF+ Dex+5}

@: agile, berserk cooldown, regenerating quickly, slowed, very slow
A: no food, fangs 3, see invisible, unbreathing
a: Exsanguinate, Potion Petition, Call Merchant, Bribe Branch, Renounce Religion


You were in a Gauntlet.
You worshipped Gozag.
Gozag was pleased with you.
You were alive.

You visited 2 branches of the dungeon, and saw 18 of its levels.
You also visited: Sewer and Gauntlet.

You collected 4320 gold pieces.
You spent 2399 gold pieces at shops.
You paid 1287 gold pieces to Gozag.

Inventory:

Hand Weapons
 a - a +2 short sword of speed
 b - a +9 vampiric lajatang (weapon)
 c - a +0 dagger of pain
 t - a +3 shortbow
Missiles
 d - a throwing net
 f - 491 arrows
 q - 28 poisoned darts (quivered)
 J - 6 curare-tipped darts
Armour
 e - a +2 robe of positive energy
 r - a +2 hat (worn)
 y - a +2 pair of boots (worn)
 K - the +1 scale mail "Wacoveer" (worn) {rC++ MR+ Regen+ Int+3}
   (You found it on level 8 of the Dungeon)

   It affects your intelligence (+3).
   It greatly protects you from cold.
   It affects your resistance to hostile enchantments.
   It increases your rate of regeneration.
Magical Staves
 j - an uncursed staff of poison
Jewellery
 n - an amulet of regeneration (around neck)
 A - the ring of Derut (right hand) {rF+ Dex+5}
   (You found it on level 5 of the Dungeon)

   [ring of protection from fire]

   It affects your dexterity (+5).
   It protects you from fire.
 B - an uncursed amulet of harm {unknown}
 E - an uncursed ring of protection from magic
 W - the ring of the Cockatrice {rElec Stlth-}
   (You bought it in a shop on level 13 of the Dungeon)

   [ring of attention]

   It insulates you from electricity.
   It makes you less stealthy.
 X - a +6 ring of evasion (left hand)
Wands
 g - a wand of random effects (34)
 i - a wand of flame (10)
 D - a wand of disintegration (22)
 H - a wand of paralysis (15)
 T - a wand of digging (14)
Scrolls
 p - 3 scrolls of blinking
 v - 2 scrolls of fear
 w - 3 scrolls of enchant armour
 x - 5 scrolls of teleportation
 F - 2 scrolls of remove curse
 G - a scroll of fog
 M - 3 scrolls of summoning
 O - a scroll of magic mapping
Potions
 h - a potion of ambrosia
 k - 2 potions of heal wounds
 l - 5 potions of curing
 m - 2 potions of lignification
 o - 2 potions of cancellation
 s - 2 potions of mutation
 u - 4 potions of might
 z - a potion of berserk rage
 C - 2 potions of magic
 I - a potion of agility
 L - 4 potions of flight
 N - a potion of brilliance


   Skills:
 * Level 7.7 Fighting
 - Level 10.0 Short Blades
 * Level 9.5 Staves
 - Level 8.0 Armour
 - Level 10.0 Dodging
 - Level 10.0 Stealth
 - Level 2.0 Spellcasting
 - Level 12.0 Hexes
 - Level 8.0 Transmutations
 - Level 3.0 Ice Magic


You had 2 spell levels left.
You knew the following spells:

 Your Spells              Type           Power        Failure   Level  Hunger
a - Tukima's Dance        Hex            ######..     1%          3    N/A
b - Ensorcelled Hibernat  Hex/Ice        #####.       4%          2    N/A
c - Confuse               Hex            ######..     1%          3    N/A
d - Sticks to Snakes      Tmut           #####...     3%          2    N/A
e - Confusing Touch       Hex            ######       1%          1    N/A
f - Dazzling Flash        Conj/Hex       ####..       17%         3    N/A

Your spell library contained the following spells:

 Spells                   Type           Power        Failure   Level  Hunger
 Corona                   Hex            ######.      1%          1    N/A
 Beastly Appendage        Tmut           #####.       2%          1    N/A
 Animate Skeleton         Necr           N/A          56%         1    N/A
 Apportation              Tloc           #.....       56%         1    N/A
 Foxfire                  Conj/Fire      #...         56%         1    N/A
 Magic Dart               Conj           #...         56%         1    N/A
 Summon Small Mammal      Summ           #...         56%         1    N/A
 Blink                    Tloc           N/A          71%         2    N/A
 Searing Ray              Conj           #.....       71%         2    N/A
 Shroud of Golubria       Chrm/Tloc      #.....       71%         2    N/A
 Inner Flame              Hex/Fire       ####....     17%         3    N/A
 Portal Projectile        Hex/Tloc       ####..       17%         3    N/A
 Spider Form              Tmut/Pois      ###.......   36%         3    N/A
 Fulminant Prism          Conj/Hex       ####......   50%         4    N/A
 Ignite Poison            Fire/Tmut/Pois ##......     56%         3    N/A
 Ice Form                 Ice/Tmut       ####....     56%         4    N/A
 Blade Hands              Tmut           #####.....   56%         5    N/A
 Conjure Flame            Conj/Fire      #.......     90%         3    N/A
 Gell's Gravitas          Tloc           #.........   90%         3    N/A
 Lesser Beckoning         Tloc           #.........   90%         3    N/A
 Recall                   Summ/Tloc      N/A          90%         3    N/A
 Teleport Other           Tloc           #.......     90%         3    N/A
 Iskenderun's Mystic Bla  Conj/Tloc      #.......     100%        4    N/A
 Passage of Golubria      Tloc           N/A          100%        4    N/A
 Sticky Flame             Conj/Fire      #.......     100%        4    N/A
 Fireball                 Conj/Fire      #.........   100%        5    N/A
 Ring of Flames           Chrm/Fire      #.........   100%        7    N/A

Dungeon Overview and Level Annotations

Branches:
Dungeon (13/15)            Temple (0/1) D:7            Lair (5/6) D:11
  Swamp (0/4) Lair:4        Snake (0/4) Lair:3          Orc (0/2) D:9
  Sewer (visited)         Gauntlet (1/1)
  Slime: Lair:5-6    Vaults: D:13-14

Altars:
Gozag
Qazlal
Beogh

Shops:
D:6 (   D:10 (   D:13 !*=(:*

Portals:
Trove: D:12 (give 12 potions of heal wounds)

Annotations:
Lair:1 exclusion: oklob plant
Lair:3 2 transporters, Josephine; Yroovet's ghost, journeyman TrFi Gauntlet 6 transporters


Innate Abilities, Weirdness & Mutations

You do not eat.
Your natural rate of healing is unusually fast.
You have razor-sharp teeth.
You have supernaturally acute eyesight. (SInv)
You can survive without breathing.


Message History

The minotaur is severely wounded.
The minotaur blocks your attack.
The minotaur is severely wounded.
The minotaur completely misses you.
The minotaur gores you but does no damage.
The minotaur blocks your attack. x2
The minotaur is severely wounded.
The minotaur hits you with a +2 long sword of holy wrath!
* * * LOW HITPOINT WARNING * * *
You convulse.
* * * LOW HITPOINT WARNING * * *
The minotaur gores you but does no damage.
The minotaur blocks your attack. x2
The minotaur is severely wounded.
You are no longer berserk.
You are exhausted.
You feel as though you will be slow longer.
The minotaur hits you with a +2 long sword of holy wrath!!
You die...
Your body crumbles into a pile of gold.

#≈8≈#..#..##.
########...#..#©.#.©
#........8.#..#..##.
##.##.###...#..#..##.
#8........8.#..#.#^..
#.....#.#...#..#.....
########.#.#...#..######
8[8[8.8#...#.©.#≈.......
\.....H@(###...#\.......
8(8$8.8#...#.©.#≈.......
########.#.#...#..######
..#.#...#..##^###
......8.#..#S#Y.#
##.###...#..##!.#P
......8.#..#[###P
#####...#..#©.##.
#≈8≈#..#:##.#


You could see a minotaur.

Vanquished Creatures
  Gastronok (Lair:2)
  Kirke (Lair:4)
  3 hydras
  2 centaur warriors (D:13)
  3 death yaks (Gauntlet)
  Nergalle (D:10)
  4 unseen horrors
  3 cyclopes
  A manticore (D:12)
  An ugly thing (D:13)
  Joseph (D:7)
  A moth of wrath (Gauntlet)
  3 black mambas
  2 centaur skeletons
  A gargoyle (D:11)
  7 spiny frogs
  A torpor snail (Gauntlet)
  A rime drake (Lair:4)
  4 yaktaurs
  A komodo dragon (Lair:2)
  2 trolls
  A queen bee (D:12)
  3 meliai (D:11)
  3 tyrant leeches (Lair:4)
  A polar bear (Lair:4)
  2 hornets (D:9)
  11 blink frogs
  A slime creature (Lair:4)
  7 dream sheep (Lair:4)
  8 hippogriffs
  4 shadows (Gauntlet)
  21 yaks
  3 wraiths (Lair:4)
  A hog (Lair:4)
  2 basilisks
  A hungry ghost (D:9)
  A steam dragon (D:13)
  4 vampire mosquitoes (D:13)
  2 soldier ants
  3 acid dragons (D:13)
  14 water moccasins
  12 porcupines
  4 black bears (D:11)
  9 orc warriors
  A necrophage (D:8)
  3 wolves (Gauntlet)
  3 ice beasts
  4 sky beasts
  An ogre (D:4)
  10 centaurs
  6 crocodiles
  2 big kobolds
  24 bullfrogs
  A wyvern zombie (D:12)
  A wyvern skeleton (D:9)
  A water moccasin skeleton (D:7)
  4 scorpions
  14 killer bees (D:12)
  5 howler monkeys
  2 electric eels
  2 centaur zombies
  5 crimson imps
  A bullfrog zombie (D:13)
  A quasit (D:10)
  9 orc priests
  3 hounds
  15 jellies
  12 orc wizards
  3 bullfrog skeletons
  4 iguanas
  11 worker ants
  Natasha (twice) (D:2)
  2 killer bee zombies
  A hound zombie (D:5)
  A howler monkey skeleton (D:8)
  25 adders
  A shadow imp (D:9)
  25 oozes
  2 adder skeletons
  2 worms
  7 leopard geckos
  50 orcs
  9 ball pythons
  9 bats
  17 giant cockroaches
  4 goblins
  8 hobgoblins
  5 jackals (D:3)
  14 kobolds
  6 quokkas
  7 frilled lizards
  A jackal skeleton (D:4)
  A leopard gecko skeleton (D:4)
  A leopard gecko zombie (D:6)
  A quokka skeleton (D:4)
  4 rats
515 creatures vanquished.

Vanquished Creatures (collateral kills)
  An orc warrior (D:9)
  2 orcs
3 creatures vanquished.

Vanquished Creatures (others)
  A dancing weapon (D:9)
  2 humans (Lair:4)
  A butterfly (Lair:4)
  17 fungi
  21 plants
42 creatures vanquished.

Grand Total: 560 creatures vanquished

Notes
Turn   | Place    | Note
-------+----------+-------------------------------------------
     0 | D:1      | MrRokkomies the Vampire Enchanter began the quest for the
                  | Orb.
     0 | D:1      | Reached XP level 1. HP: 13/13 MP: 3/3
   174 | D:1      | Reached XP level 2. HP: 13/19 MP: 5/5
   774 | D:2      | Noticed Natasha
   789 | D:2      | Killed Natasha
   789 | D:2      | Reached skill level 5 in Stealth
   789 | D:2      | Reached skill level 5 in Hexes
   789 | D:2      | Reached XP level 3. HP: 6/24 MP: 6/6
   798 | D:2      | Noticed Natasha
   811 | D:2      | Learned a level 2 spell: Ensorcelled Hibernation
   815 | D:2      | Learned a level 3 spell: Confuse
  1207 | D:2      | Killed Natasha
  1207 | D:2      | Reached XP level 4. HP: 30/30 MP: 4/7
  1607 | D:3      | Reached XP level 5. HP: 35/35 MP: 8/8
  1617 | D:3      | Reached skill level 6 in Hexes
  2009 | D:4      | Noticed an ogre
  2031 | D:4      | Killed an ogre
  2116 | D:4      | Reached XP level 6. HP: 41/41 MP: 6/9
  2343 | D:4      | Reached skill level 7 in Hexes
  2862 | D:4      | Reached XP level 7. HP: 46/46 MP: 10/10
  3065 | D:4      | Learned a level 3 spell: Tukima's Dance
  3104 | D:5      | Entered Level 5 of the Dungeon
  3104 | D:5      | Found an opulent altar of Gozag.
  3125 | D:5      | Became a worshipper of Gozag Ym Sagoz the Greedy
  3321 | D:5      | Reached skill level 5 in Short Blades
  3460 | D:5      | Got a steaming wooden ring
  3516 | D:5      | Identified the ring of Derut {rF+ Dex+5} (You found it on
                  | level 5 of the Dungeon)
  3528 | D:5      | Reached skill level 8 in Hexes
  3743 | D:6      | Found Nomioq's Antique Weapon Shop.
  3755 | D:6      | Found a stormy altar of Qazlal.
  3756 | D:6      | Noticed a water elemental
  3758 | D:6      | Noticed an air elemental
  3758 | D:6      | Noticed a fire elemental
  3787 | D:6      | Reached XP level 8. HP: 52/52 MP: 11/11
  3813 | D:7      | Reached skill level 9 in Hexes
  3904 | D:6      | Found a glowing drain.
  3938 | Sewer    | Entered a sewer
  4449 | D:6      | Reached skill level 5 in Dodging
  4660 | D:6      | Reached skill level 10 in Hexes
  4695 | D:6      | Noticed a hippogriff
  4702 | D:6      | Killed a hippogriff
  4993 | D:6      | Reached XP level 9. HP: 57/57 MP: 8/12
  5334 | D:7      | Learned a level 2 spell: Sticks to Snakes
  5599 | D:7      | Reached skill level 11 in Hexes
  5840 | D:7      | Noticed Joseph
  5877 | D:7      | Killed Joseph
  6034 | D:7      | Found a staircase to the Ecumenical Temple.
  6605 | D:8      | Reached skill level 10 in Stealth
  6683 | D:8      | Reached skill level 12 in Hexes
  7066 | D:8      | Reached skill level 1 in Transmutations
  7139 | D:8      | Got a bronze scale mail
  7289 | D:8      | Identified the +1 scale mail "Wacoveer" {rC++ MR+ Regen+
                  | Int+3} (You found it on level 8 of the Dungeon)
  7683 | D:9      | Reached XP level 10. HP: 63/63 MP: 2/13
  7878 | D:9      | Reached skill level 1 in Ice Magic
  8357 | D:9      | Found a roughly hewn altar of Beogh.
  8561 | D:9      | Found a staircase to the Orcish Mines.
  8837 | D:9      | Reached skill level 10 in Short Blades
  9071 | D:10     | Entered Level 10 of the Dungeon
  9108 | D:10     | Noticed an unseen horror
  9111 | D:10     | Killed an unseen horror
  9111 | D:10     | Reached skill level 1 in Armour
  9111 | D:10     | Reached skill level 5 in Transmutations
  9232 | D:10     | Bought a +2 vampiric lajatang for 1026 gold pieces
  9318 | D:10     | Reached skill level 1 in Staves
  9542 | D:10     | Noticed Nergalle
  9554 | D:10     | Killed Nergalle
  9554 | D:10     | Reached XP level 11. HP: 68/68 MP: 7/14
  9753 | D:11     | Noticed an unseen horror
  9776 | D:11     | Killed an unseen horror
 10205 | D:11     | Found a staircase to the Lair.
 10712 | D:11     | Noticed an unseen horror
 10715 | D:11     | Killed an unseen horror
 10810 | Lair:1   | Entered Level 1 of the Lair of Beasts
 10816 | Lair:1   | Reached skill level 5 in Armour
 10930 | Lair:1   | Learned a level 1 spell: Confusing Touch
 10934 | Lair:1   | Learned a level 3 spell: Dazzling Flash
 11016 | Lair:1   | Noticed an oklob plant
 11283 | Lair:1   | Reached skill level 5 in Staves
 11586 | Lair:2   | Reached XP level 12. HP: 73/74 MP: 15/15
 11646 | Lair:2   | Noticed Gastronok
 11665 | Lair:2   | Killed Gastronok
 12547 | Lair:3   | Noticed a six-headed hydra
 12555 | Lair:3   | Killed a six-headed hydra
 12698 | Lair:3   | Reached skill level 1 in Fighting
 12936 | Lair:3   | Noticed Yroovet's ghost (journeyman TrFi)
 12952 | Lair:3   | Found a transporter.
 12994 | Lair:3   | Found a staircase to the Snake Pit.
 13128 | Lair:3   | Found a transporter.
 13302 | Lair:3   | Reached skill level 10 in Dodging
 13922 | Lair:4   | Reached XP level 13. HP: 71/88 MP: 16/16
 14001 | Lair:4   | Noticed Kirke
 14039 | Lair:4   | Killed Kirke
 14267 | Lair:4   | Reached skill level 5 in Fighting
 14579 | Lair:4   | Noticed Josephine
 14691 | Lair:3   | HP: 4/91 [Josephine/ghostly fireball (31)]
 15467 | D:12     | Identified the cursed +0 plate armour of Subjectivity
                  | {Int+10 Stlth+} (You found it on level 12 of the Dungeon)
 16136 | D:12     | Found a portal to a secret trove of treasure.
 16233 | D:13     | Found Ujeqiemm's Weapon Shop.
 16486 | D:13     | Found Afem's General Store.
 16538 | D:13     | Got a transparent glass ring
 16619 | D:13     | Bought the ring of the Cockatrice {rElec Stlth-} for 279
                  | gold pieces
 16619 | D:13     | Bought a +6 ring of evasion for 1014 gold pieces
 16625 | D:13     | Identified the ring "Laosmegg" {Ice +Fly Str+2 Int+3} (You
                  | found it on level 13 of the Dungeon)
 16811 | D:13     | Found Beazailey's Distillery.
 16830 | D:13     | Bought a potion of heal wounds for 80 gold pieces
 16880 | D:13     | Found Eniann's General Store.
 17196 | D:13     | Found Minwira's Book Shoppe.
 17403 | Lair:4   | Found a staircase to the Swamp.
 17762 | Lair:5   | Found a gate leading to a gauntlet.
 17773 | Gauntlet | Entered a Gauntlet
 17773 | Gauntlet | Found a transporter.
 17773 | Gauntlet | Found a transporter.
 17774 | Gauntlet | Found a transporter.
 17777 | Gauntlet | Found a transporter.
 17777 | Gauntlet | Found a transporter.
 17784 | Gauntlet | Found a transporter.
 17788 | Gauntlet | Found a transporter.
 17792 | Gauntlet | Found a transporter.
 17804 | Gauntlet | Found a transporter.
 17811 | Gauntlet | Found a transporter.
 17828 | Gauntlet | Found a transporter.
 17832 | Gauntlet | Found a transporter.
 17996 | Gauntlet | Identified the Papyrus of Torrid Displacement
 18108 | Gauntlet | Noticed a minotaur
 18123 | Gauntlet | Slain by a minotaur

Levels and vault maps discovered:
D:1:      dpeg_arrival_more_subterranean_lakeside_camping, layout_rooms
D:2:      wad_crossroads, layout_basic, uniq_natasha
D:3:      layout_rooms, st_stairs_6, minmay_ruptured
D:4:      layout_loops_corners
D:5:      kb_forest_paths, layout_basic, old_standard_altar, first_ration,
          uniq_grinder
D:6:      layout_layer_cave, portal_sewer_entry_d, serial_shops, shop,
          nicolae_qazlal_style_of_elements
D:7:      layout_gridville, minmay_temple_entry_butterflies, uniq_joseph
D:8:      layout_layer_cave
D:9:      layout_loops_corners, david_orc_5, hangedman_pestilent_swarm
D:10:     layout_basic, uniq_nergalle
D:11:     layout_loops_cross, due_lair_maze_entry_diamond
D:12:     layout_stronghold, enter_trove_0, nicolae_looking_at_the_future
D:13:     layout_stronghold, serial_shops, nicolae_shop_trees,
          kennysheep_little_box, shop, nicolae_shop_stone, kennysheep_mini_moat,
          serial_column_ruins, column_ruins_pillar_1, column_ruins_pillar_2,
          column_ruins_pillar_9, column_ruins_pillar_1, column_ruins_pillar_1,
          column_ruins_pillar_2, column_ruins_pillar_1, column_ruins_pillar_6,
          column_ruins_pillar_2, column_ruins_pillar_9
Lair:1:   layout_cave_shapes, patterned_corridor, lemuel_fruit_tree,
          minmay_lair_oklob_chamber
Lair:2:   layout_roguey, uniq_gastronok
Lair:3:   layout_big_grid, minmay_snake_entry_six_corridors,
          gammafunk_ghost_arena
Lair:4:   lemuel_slime, layout_hall_layers, minmay_swamp_entry_worms,
          serial_bayou_shore_a, grunt_megastairs_2, lemuel_fruit_fields,
          uniq_kirke, uniq_josephine
Lair:5:   layout_loops_ring, serial_bayou, serial_bayou_pond_d,
          serial_bayou_shore_b, serial_bayou_shore_b, serial_bayou_ford_a,
          serial_bayou_pond_d, serial_bayou_pond_c, gauntlet_entry_generic
Gauntlet: gammafunk_gauntlet_hard_choice [gammafunk_gauntlet_arena_grid,
          gammafunk_gauntlet_arena_spirals, gammafunk_gauntlet_arena_chambers,
          gammafunk_gauntlet_arena_crates, gammafunk_gauntlet_arena_mazey,
          nicolae_gauntlet_arena_blocks, nicolae_gauntlet_exit_dead_adventurers]

Skill      XL: |  1  2  3  4  5  6  7  8  9 10 11 12 13 |
---------------+----------------------------------------+-----
Short Blades   | 2 3 4 5 7 9 10 | 10.0
Stealth        | 5 6 7 8 10 | 10.0
Hexes          | 5 6 7 8 10 12 | 12.0
Dodging        | 3 4 5 6 7 9 10 | 10.0
Transmutations | 2 5 7 8 |  8.0
Ice Magic      | 3 |  3.0
Armour         | 2 5 7 8 |  8.0
Staves         | 1 5 7 9 |  9.5
Fighting       | 4 7 |  7.7
Spellcasting   | |  2.0

Action                   |  1- 3 |  4- 6 |  7- 9 | 10-12 | 13-15 || total
-------------------------+-------+-------+-------+-------+-------++-------
Melee: Dagger            |    52 |       |       |       |       ||    52
       Bite              |    11 |    14 |    48 |   105 |    55 ||   233
       Short sword       |    65 |   189 |   575 |   470 |    30 ||  1329
       Lajatang          |       |       |       |   357 |   423 ||   780
Throw: Dart              |     3 |     6 |     1 |    11 |    15 ||    36
 Cast: Ensorcelled Hiber |     2 |    14 |    21 |    56 |     4 ||    97
       Confuse           |     1 |     2 |    16 |    17 |    13 ||    49
       Tukima's Dance    |       |       |     2 |     5 |       ||     7
       Sticks to Snakes  |       |       |       |     1 |       ||     1
Invok: Call Merchant     |       |       |       |     1 |     1 ||     2
Evoke: Wand              |       |       |       |       |     2 ||     2
  Use: Scroll            |     4 |     9 |     6 |    16 |     9 ||    44
       Potion            |       |       |       |     3 |     7 ||    10
 Stab: Sleeping          |     7 |    18 |    37 |    52 |     4 ||   118
       Distracted        |     1 |     1 |     2 |     9 |     2 ||    15
       Confused          |     1 |       |     7 |    18 |     9 ||    35
Armor: Robe              |    16 |    60 |    81 |       |       ||   157
       Scale mail        |       |       |     4 |   180 |   150 ||   334
Dodge: Dodged            |    57 |   106 |   298 |   508 |   425 ||  1394

Table legend:
 A = Non-vault XP
 B = Vault XP
 C = Vault XP percentage of total XP
 D = Non-vault monster count
 E = Vault monster count
 F = Vault count percentage of total count
                 A         B        C        D         E       F
            +---------+---------+-------+---------+---------+-------
      Total |   42370 |   20149 |  32.2 |     348 |     170 |  32.8
            +---------+---------+-------+---------+---------+-------
        D:1 |      22 |       0 |   0.0 |      12 |       0 |   0.0
        D:2 |      59 |      40 |  40.4 |      11 |       5 |  31.2
        D:3 |     112 |      20 |  15.2 |      24 |       5 |  17.2
        D:4 |     522 |       0 |   0.0 |      26 |       0 |   0.0
        D:5 |     515 |      89 |  14.7 |      15 |       4 |  21.1
        D:6 |    1322 |       0 |   0.0 |      20 |       0 |   0.0
        D:7 |    1287 |     526 |  29.0 |      31 |       2 |   6.1
        D:8 |     761 |       0 |   0.0 |      19 |       0 |   0.0
        D:9 |    1267 |    1471 |  53.7 |      24 |      27 |  52.9
       D:10 |    2184 |    1054 |  32.6 |      16 |       4 |  20.0
       D:11 |    6237 |     980 |  13.6 |      27 |       9 |  25.0
       D:12 |    3601 |     861 |  19.3 |      24 |      10 |  29.4
       D:13 |    6805 |       0 |   0.0 |      23 |       0 |   0.0
     Lair:1 |    3246 |       0 |   0.0 |      15 |       0 |   0.0
     Lair:2 |    4145 |    2286 |  35.5 |      21 |       1 |   4.5
     Lair:3 |    5449 |     960 |  15.0 |      19 |      13 |  40.6
     Lair:4 |    4752 |    6946 |  59.4 |      20 |      39 |  66.1
     Lair:5 |      84 |       0 |   0.0 |       1 |       0 |   0.0
      Sewer |       0 |     189 | 100.0 |       0 |      39 | 100.0
   Gauntlet |       0 |    4727 | 100.0 |       0 |      12 | 100.0
            +---------+---------+-------+---------+---------+-------
